 Dungeon Crawl Stone Soup version 0.31-a0-313-g785cd24033 (webtiles) character file.

Game seed: 12599767254648730141

64 Essalna the Changeling (level 3, -1/30 HPs)
             Began as a Draconian Shapeshifter on July 17, 2023.
             Succumbed to a water moccasin's poison
             ... on level 3 of the Dungeon.
             The game lasted 00:01:35 (1109 turns).

Essalna the Changeling (Draconian Shapeshifter)     Turns: 1109, Time: 00:01:35

Health: -1/30      AC:  5    Str: 17    XL:     3   Next: 91%
Magic:  3/3        EV: 12    Int:  8    God:
Gold:   127        SH:  0    Dex: 13    Spells: 2/2 levels left

rFire   . .          .
                       - Unarmed
rCold   . . .        (no shield)
rNeg    . . .        (body armour unavailable)
rPois   .            (helmet currently unavailable)
rElec   .            (cloak currently unavailable)
rCorr   .            (gloves currently unavailable)
SInv    .            (boots currently unavailable)
Will    .....        (no amulet)
Stlth   +            g - +4 ring of slaying
HPRegen 0.25/turn    (no ring)
MPRegen 0.08/turn

%: no passive effects
@: lethally poisoned (-1 -> -20), about to teleport, beast-form
A: beast (slay +2), AC +5, unfitting armour, cold-blooded
a: Begin Untransformation


You were on level 3 of the Dungeon.
You were a hulking beast.
You visited 1 branch of the dungeon, and saw 3 of its levels.

You collected 127 gold pieces.

Inventory:

Missiles
 j - a throwing net
Jewellery
 g - a +4 ring of slaying (left hand)
Talismans
 b - a beast talisman
Scrolls
 d - a scroll of poison {unknown}
 e - a scroll of amnesia {unknown}
 f - a scroll of fog {unknown}
Potions
 a - a potion of lignification
 c - a potion of mutation {unknown}
 i - a potion of curing {unknown}


   Skills:
 + Level 2.9 Fighting
 + Level 2.4 Dodging
 + Level 2.7 Unarmed Combat
 + Level 3.4 Shapeshifting


You had 2 spell levels left.
You didn't know any spells.
Your spell library contained the following spells:

 Spells                   Type           Power      Damage    Failure   Level
 Shock                    Conj/Air       0%         1d3       41%         1
 Swiftness                Air            0%         N/A       78%         3
 Airstrike                Air            0%         2d(0-16)  99%         4


Dungeon Overview and Level Annotations

Branches:
Dungeon (3/15)

Altars:


Innate Abilities, Weirdness & Mutations

You are a hulking beast.
Your limbs bulge with bestial killing power. (Slay +2)
Your plain brown scales are hard. (AC +5)
You cannot fit into any form of body armour.
You are cold-blooded and may be slowed by cold attacks.


Message History

The hobgoblin is heavily wounded.
The hobgoblin misses you.
You punch the hobgoblin!
You kill the hobgoblin!
You hit the hobgoblin.
The hobgoblin is severely wounded.
The hobgoblin barely misses you.
You hit the hobgoblin but do no damage. You tail-slap the hobgoblin.
You kill the hobgoblin!
The water moccasin bites you.
You hit the water moccasin.
The water moccasin is lightly wounded.
The kobold misses you. The water moccasin barely misses you.
An adder comes into view.
You closely miss the water moccasin.
The water moccasin is lightly wounded.
The water moccasin bites you.
You are poisoned.
The water moccasin poisons you! The kobold hits you with a +0 dagger.
The water moccasin bites you.
You are too injured to fight recklessly!
You are too injured to fight recklessly!
You are too injured to fight recklessly!
There are monsters nearby!
There are monsters nearby!
Okay, then.
As you read the scroll of teleportation, it crumbles to dust.
You feel strangely unstable.
You feel very sick. The kobold misses you. The water moccasin bites you.
You are lethally poisoned!
The water moccasin poisons you!
The water moccasin attacks as you move away!
The water moccasin closely misses you. The kobold attacks as you move away!
The kobold hits you with a +0 dagger.
* * * LOW HITPOINT WARNING * * *
You feel very sick. The kobold attacks as you move away!
The kobold hits you with a +0 dagger.
* * * LOW HITPOINT WARNING * * *
You die...

.............
............#####
.......................
......................#..
......................##.#
......................# ..
......................# #
....S.)S.h............# #
.......K.............)#
......................#
#########.............####
#.................
#...##....###.....
#...##..(.# #.....
#...#########.....
#...##............


You could see a water moccasin, an adder (wandering) and a kobold.

Vanquished Creatures
  3 adders (D:2)
  A worm (D:2)
  An orc (D:2)
  2 ball pythons
  3 bats
  5 endoplasms
  A giant cockroach (D:1)
  3 goblins
  3 hobgoblins (D:3)
  5 kobolds
  A quokka (D:2)
  2 frilled lizards
30 creatures vanquished.

Notes
Turn   | Place    | Note
-------+----------+-------------------------------------------
     0 | D:1      | Essalna the Draconian Shapeshifter began the quest for the
                  | Orb.
     0 | D:1      | Reached XP level 1. HP: 17/17 MP: 1/1
   241 | D:1      | Reached XP level 2. HP: 24/25 MP: 2/2
   576 | D:2      | Reached XP level 3. HP: 30/30 MP: 3/3
  1099 | D:3      | Noticed a water moccasin
  1109 | D:3      | Succumbed to a water moccasin's poison

Illustrated notes

Levels and vault maps discovered:
D:1:      scummos_arrival_forest, layout_rooms
D:2:      layout_basic, minmay_misc_feat_enclosed
D:3:      layout_basic, biasface_ghost_orc_armoury, uniq_natasha, uniq_jessica

Skill      XL: |  1 |
---------------+----+-----
Dodging        | 2 |  2.4
Fighting       | |  2.9
Unarmed Combat | |  2.7
Shapeshifting  | |  3.4

Action                     || total
---------------------------++-------
  Melee: Unarmed           ||    80
         Tailslap          ||     9
    Use: Scroll            ||     2
   Stab: Sleeping          ||     3
 Armour: Skin              ||    17
  Dodge: Dodged            ||    45

Table legend: (Time is in decaauts)
 A = Elapsed time spent in this place.
 B = Non-inter-level travel time spent in this place.
 C = Inter-level travel time spent in this place.
 D = Time resting spent in this place.
 E = Time spent auto-exploring this place.
 F = Levels seen in this place.
 G = Mean time per level.
                   A        B        C        D        E       F      G
               +--------+--------+--------+--------+--------+-----+--------+
         Total |   1105 |   1038 |     67 |      0 |    831 |   3 |  368.3 |
       Dungeon |   1105 |   1038 |     67 |      0 |    831 |   3 |  368.3 |
               +--------+--------+--------+--------+--------+-----+--------+

Top non-repeatable levels by time:
     D:2: 538 daAuts
     D:1: 448 daAuts
     D:3: 119 daAuts
